 Dungeon Sprint DCSS version 0.21.1-1-g345015f (webtiles) character file.

451 Fang the Cleaver (level 6, -1/68 HPs)
             Began as a Minotaur Berserker on Apr 23, 2018.
             Was a Believer of Trog.
             Succumbed to Sonja's curare-tipped needle
             ... in the Dungeon (Sprint I: "Red Sonja").
             The game lasted 00:01:20 (761 turns).

Fang the Cleaver (Minotaur Berserker)                Turns: 761, Time: 00:01:21

Health: -1/68      AC:  2    Str: 23    XL:     6   Next: 75%
Magic:  5/5        EV: 14    Int:  4    God:    Trog [**....]
Gold:   297        SH:  0    Dex: 10    Spells: 5/5 levels left

rFire    . . .     SeeInvis .   a - +0 hand axe
rCold    . . .     Gourm    .   (no shield)
rNeg     . . .     Faith    .   b - +0 animal skin
rPois    .         Spirit   .   (helmet restricted)
rElec    .         Reflect  .   (no cloak)
rCorr    .         Harm     .   (no gloves)
MR       .....     NoTele   +   (no boots)
Stlth    +.........             (no amulet)
HPRegen  0.21/turn              (no ring)
MPRegen  0.09/turn              (no ring)

@: lethally poisoned (-1 -> -72), berserk cooldown, slowed, very slow
A: retaliatory headbutt, horns 2
a: Berserk, Trog's Hand, Burn Spellbooks, Renounce Religion


You were in the Dungeon.
You worshipped Trog.
Trog was pleased with you.
You were near starving.

You visited 1 branch You collected 297 gold pieces.

Inventory:

Hand Weapons
 a - a +0 hand axe (weapon)
Armour
 b - a +0 animal skin (worn)
Scrolls
 i - a scroll of blinking
 j - a scroll of identify {unknown}
Potions
 d - a potion of curing
 f - a potion of haste
 g - 2 potions of magic
 h - a potion of berserk rage
Comestibles
 c - a ration
 k - 6 chunks of flesh


   Skills:
 + Level 11.0 Fighting
 + Level 11.4 Axes
 + Level 6.0 Armour
 + Level 6.0 Dodging
 + Level 0.3 Stealth


You had 5 spell levels left.
You didn't know any spells.

Dungeon Overview and Level Annotations

Branches:
Dungeon (1/1)

Altars:
Cheibriados
Dithmenos
Elyvilon
Fedhas
Gozag
Hepliaklqana
Kikubaaqudgha
Nemelex Xobeh
Okawaru
Qazlal
Ru
Sif Muna
Trog
Uskayaw
Vehumet
Wu Jian
Yredelemnul
Zin
The Shining One

Shops:
D *

Annotations:
D Sonja


Innate Abilities, Weirdness & Mutations

You reflexively headbutt those who attack you in melee.
You have a pair of horns on your head.


Message History

* * * LOW HITPOINT WARNING * * *
You feel very sick.
Sonja shoots a curare-tipped needle.
The curare-tipped needle closely misses you.
You see here a curare-tipped needle.
You feel much better.
You feel extremely sick.
Sonja casts a spell.
Sonja looks slightly unstable.
Sonja shoots a curare-tipped needle.
The curare-tipped needle hits you.
You are more poisoned.
You have difficulty breathing.
* * * LOW HITPOINT WARNING * * *
You feel as though you will be slow longer.
You close the door.
* * * LOW HITPOINT WARNING * * *
You feel extremely sick.
Sonja shoots a curare-tipped needle.
The curare-tipped needle completely misses you.
You die...

################
#<.#..)..#.)'..#
#..'[.#..'..#..+
#..#####'#####'#
#..## #..#.(.#)####§
#..#__####..##.#≈§§§c
#..#_____##+#_.'§§§§§
#⌠⌠#_.∩..÷'.(._#§≈§§
####_..__##_@#+##+##
#_____ ##K# ######
#.# $.$ $.$# ##.##
#+#


You could see Sonja.

Vanquished Creatures
  Sigmund (D)
  A yak (D)
  An ogre (D)
  A jelly (D)
  Ijyb (D)
5 creatures vanquished.

Notes
Turn   | Place    | Note
-------+----------+-------------------------------------------
     0 | D        | Fang the Minotaur Berserker began the quest for the Orb.
     0 | D        | Reached XP level 1. HP: 19/19 MP: 0/0
     1 | D        | Noticed Ijyb
     9 | D        | Killed Ijyb
     9 | D        | Reached skill level 5 in Fighting
     9 | D        | Reached skill level 5 in Axes
     9 | D        | Reached XP level 2. HP: 23/29 MP: 1/1
    14 | D        | Noticed an ogre
    21 | D        | Killed an ogre
    21 | D        | Reached XP level 3. HP: 6/40 MP: 2/2
    21 | D        | Reached XP level 4. HP: 8/48 MP: 3/3
   283 | D        | Noticed Sigmund
   290 | D        | Killed Sigmund
   290 | D        | Reached ** piety under Trog
   290 | D        | Reached skill level 10 in Axes
   290 | D        | Reached skill level 5 in Armour
   290 | D        | Reached skill level 5 in Dodging
   290 | D        | Reached XP level 5. HP: 58/58 MP: 4/4
   290 | D        | Reached XP level 6. HP: 66/66 MP: 5/5
   359 | D        | Found an ornate altar of the Wu Jian Council.
   359 | D        | Found a deep blue altar of Sif Muna.
   361 | D        | Found a radiant altar of Vehumet.
   367 | D        | Reached skill level 10 in Fighting
   373 | D        | Noticed a centaur warrior
   723 | D        | Found Lizxuhuo's General Store.
   723 | D        | Found an ancient bone altar of Kikubaaqudgha.
   723 | D        | Found a hazy altar of Hepliaklqana.
   723 | D        | Found a stormy altar of Qazlal.
   723 | D        | Found a hide-covered altar of Uskayaw.
   723 | D        | Found a blossoming altar of Fedhas.
   723 | D        | Found a bloodstained altar of Trog.
   723 | D        | Found an iron altar of Okawaru.
   723 | D        | Found a basalt altar of Yredelemnul.
   723 | D        | Found a glowing golden altar of the Shining One.
   723 | D        | Found a snail-covered altar of Cheibriados.
   723 | D        | Found a sacrificial altar of Ru.
   723 | D        | Found a glowing silver altar of Zin.
   723 | D        | Found a shadowy altar of Dithmenos.
   723 | D        | Found a white marble altar of Elyvilon.
   723 | D        | Noticed a yak
   724 | D        | Found an opulent altar of Gozag.
   732 | D        | Killed a yak
   733 | D        | Found a sparkling altar of Nemelex Xobeh.
   744 | D        | Noticed Sonja
   758 | D        | HP: 3/68 [poisoned by Sonja]
   761 | D        | Succumbed to Sonja's curare-tipped needle

Skill      XL: |  1  2  3  4  5  6 |
---------------+-------------------+-----
Fighting       | 5 7 9 11 | 11.0
Axes           | 5 8 10 11 | 11.4
Armour         | 3 4 5 6 |  6.0
Dodging        | 3 4 5 6 |  6.0
Stealth        | |  0.3

Action                   |  1- 3 |  4- 6 || total
-------------------------+-------+-------++-------
Melee: Hand axe          |    14 |    22 ||    36
       Headbutt          |     2 |     6 ||     8
Invok: Berserk           |       |     2 ||     2
  Use: Potion            |       |     1 ||     1
Armor: Animal skin       |       |     3 ||     3
Dodge: Dodged            |     7 |    13 ||    20
